 Dungeon Crawl Stone Soup version 0.27-a0-1456-gf5a116941d (webtiles) character file.

Game seed: 14520885958984064452

61 yleandro the Covered (level 4, -1/34 HPs)
             Began as a Gnoll Wanderer on July 6, 2021.
             Succumbed to an orc's poison
             ... on level 3 of the Dungeon.
             The game lasted 00:32:43 (2413 turns).

yleandro the Covered (Gnoll Wanderer)               Turns: 2413, Time: 00:32:43

Health: -1/34      AC:  9    Str: 16    XL:     4   Next: 7%
Magic:  5/5        EV: 10    Int:  9    God:
Gold:   79         SH:  0    Dex: 10    Spells: 4/5 levels left

rFire    . . .     SeeInvis .   l - +0 hand axe
rCold    . . .     Faith    .   (no shield)
rNeg     . . .     Spirit   .   b - +2 scale mail
rPois    .         Reflect  .   (no helmet)
rElec    .         Harm     .   (no cloak)
rCorr    .         Rampage  .   (no gloves)
Will     .....                  (no boots)
Stlth    ..........             (no amulet)
HPRegen  0.11/turn              (no ring)
MPRegen  0.09/turn              (no ring)

@: lethally poisoned (-1 -> -20)
A: fangs 1, strong nose, distributed training
a: no special abilities


You were on level 3 of the Dungeon.
You visited 1 branch of the dungeon, and saw 4 of its levels.

You collected 79 gold pieces.

Inventory:

Hand Weapons
 a - a +0 club
 d - a +1 dagger
 e - a +0 flail
 g - a +0 whip
 j - a +0 short sword
 l - a +0 hand axe (weapon)
Missiles
 c - 20 stones
 i - 6 boomerangs
Armour
 b - a +2 scale mail (worn)
 k - a +0 scale mail
Potions
 f - a potion of brilliance {unknown}
 h - a potion of heal wounds


   Skills:
 + Level 2.7 Fighting
 + Level 1.0 Short Blades
 + Level 4.6 Long Blades
 + Level 2.7 Axes
 + Level 1.0 Maces & Flails
 + Level 1.0 Polearms
 + Level 1.0 Staves
 + Level 1.0 Slings
 + Level 1.0 Bows
 + Level 1.0 Crossbows
 + Level 2.7 Throwing
 + Level 6.5 Armour
 + Level 2.7 Dodging
 + Level 1.0 Stealth
 + Level 2.7 Shields
 + Level 1.0 Unarmed Combat
 + Level 1.0 Spellcasting
 + Level 0.7 Conjurations
 + Level 0.7 Hexes
 + Level 0.7 Summonings
 + Level 0.7 Necromancy
 + Level 0.7 Translocations
 + Level 0.7 Transmutations
 + Level 0.7 Fire Magic
 + Level 0.7 Ice Magic
 + Level 0.7 Air Magic
 + Level 0.7 Earth Magic
 + Level 0.7 Poison Magic
 + Level 1.1 Invocations
 + Level 1.0 Evocations


You had 4 spell levels left.
You knew the following spells:

 Your Spells              Type           Power      Damage    Failure   Level
a - Sting                 Tmut/Pois      4%         1d3       65%         1

Your spell library contained the following spells:

 Spells                   Type           Power      Damage    Failure   Level
 Spider Form              Tmut/Pois      0%         N/A       95%         3


Dungeon Overview and Level Annotations

Branches:
Dungeon (4/15)
 Temple: D:4-7

Altars:


Innate Abilities, Weirdness & Mutations

You have very sharp teeth.
Your uncanny sense of smell can sniff out nearby items.
Your experience applies equally to all skills.


Message History

You feel sick. The bat closely misses you. The orc hits you with a +0 club.
You feel sick.
You are no longer poisoned.
The bat barely misses you. The bat barely misses you.
The bat hits you but does no damage. The bat hits you but does no damage.
The bat hits you but does no damage. The bat hits you but does no damage.
The bat barely misses you. Something hits you but does no damage.
The bat barely misses you. The bat closely misses you.
The bat barely misses you.
There is a stone staircase leading down here.
The bat hits you but does no damage. Something hits you.
* * * LOW HITPOINT WARNING * * *
The orc hits you but does no damage.
You are lethally poisoned!
You climb downwards.
Reactivating autopickup.
An adder, an endoplasm, a scorpion, a goblin and an ogre come into view.
* * * LOW HITPOINT WARNING * * *
You feel sick.
The adder hisses angrily.
The endoplasm quivers.
The ogre shouts!
The goblin shouts!
Found 21 gold pieces.
There is a stone staircase leading up here.
You can't go down here!
Unknown command.
Unknown command.
* * * LOW HITPOINT WARNING * * *
You feel sick. Something hits you but does no damage.
Deactivating autopickup; reactivate with Ctrl-A.
The orc hits you with a +0 whip of venom.
* * * LOW HITPOINT WARNING * * *
You are more poisoned.
You climb upwards.
Reactivating autopickup.
You die...

###...............#####
..........######
####.####...#### .# #.#
##.....# ..# #.#
#.###.#### #..
#.#####........# ...#
#....##........+ ..[.
#....###...{...#
#...###....# #..@....#
#....#....# #..o....#
#..$.....###..ob...#
#####.....##.......##
##..............#
#...###........# #...#
########## #...# #####


You could see 2 orcs and a bat.

Vanquished Creatures
  Terence (D:3)
  An adder (D:2)
  4 orcs (D:3)
  A ball python (D:2)
  An endoplasm (D:2)
  A goblin (D:1)
  3 hobgoblins
  4 jackals (D:1)
  2 bats (D:2)
  A kobold (D:3)
  3 rats
22 creatures vanquished.

Notes
Turn   | Place    | Note
-------+----------+-------------------------------------------
     0 | D:1      | yleandro the Gnoll Wanderer began the quest for the Orb.
     0 | D:1      | yleandro set off with the following items: a +0 club, a +2
                  | scale mail; and the following spell memorised: Sting; and
                  | the following spells available to memorise: Spider Form
     0 | D:1      | Reached XP level 1. HP: 17/17 MP: 1/1
   290 | D:1      | Reached XP level 2. HP: 15/23 MP: 2/2
  1680 | D:2      | Reached XP level 3. HP: 12/28 MP: 3/3
  2287 | D:3      | Noticed Terence
  2318 | D:3      | Killed Terence
  2319 | D:3      | Reached skill level 1 in Short Blades
  2319 | D:3      | Reached skill level 1 in Maces & Flails
  2319 | D:3      | Reached skill level 1 in Polearms
  2319 | D:3      | Reached skill level 1 in Staves
  2319 | D:3      | Reached skill level 1 in Slings
  2319 | D:3      | Reached skill level 1 in Bows
  2319 | D:3      | Reached skill level 1 in Crossbows
  2319 | D:3      | Reached skill level 1 in Stealth
  2319 | D:3      | Reached skill level 1 in Unarmed Combat
  2319 | D:3      | Reached skill level 1 in Spellcasting
  2319 | D:3      | Reached skill level 1 in Invocations
  2319 | D:3      | Reached skill level 1 in Evocations
  2319 | D:3      | Reached XP level 4. HP: 34/34 MP: 5/5
  2411 | D:4      | Noticed a scorpion
  2411 | D:4      | Noticed an ogre
  2413 | D:3      | Succumbed to an orc's poison

Illustrated notes

Levels and vault maps discovered:
D:1:      wander_arrival_desolate, layout_basic
D:2:      layout_rooms, kennysheep_generic_room_9
D:3:      layout_rooms, amethyst_overflow_temple_binary,
          nicolae_wu_jian_immortal_techniques, serial_corexii_hall,
          corexii_hall_statues_l, chequers_hall_statues_corner_a,
          corexii_hall_statues_deadend, kennysheep_small_spiral, uniq_terence
D:4:      layout_rooms

Skill      XL: |  1  2  3 |
---------------+----------+-----
Short Blades   | 1 |  1.0
Maces & Flails | 1 |  1.0
Polearms       | 1 |  1.0
Staves         | 1 |  1.0
Slings         | 1 |  1.0
Bows           | 1 |  1.0
Crossbows      | 1 |  1.0
Stealth        | 1 |  1.0
Unarmed Combat | 1 |  1.0
Spellcasting   | 1 |  1.0
Invocations    | 1 |  1.1
Evocations     | 1 |  1.0
Fighting       | |  2.7
Long Blades    | |  4.6
Axes           | |  2.7
Throwing       | |  2.7
Armour         | |  6.5
Dodging        | |  2.7
Shields        | |  2.7
Conjurations   | |  0.7
Hexes          | |  0.7
Summonings     | |  0.7
Necromancy     | |  0.7
Translocations | |  0.7
Transmutations | |  0.7
Fire Magic     | |  0.7
Ice Magic      | |  0.7
Air Magic      | |  0.7
Earth Magic    | |  0.7
Poison Magic   | |  0.7

Action                   |  1- 3 |  4- 6 || total
-------------------------+-------+-------++-------
Melee: Dagger            |   120 |       ||   120
       Club              |    13 |       ||    13
       Bite              |     8 |       ||     8
       Hand axe          |    22 |       ||    22
  Use: Potion            |     3 |       ||     3
       Scroll            |     2 |       ||     2
Armor: Scale mail        |   109 |    12 ||   121
Dodge: Dodged            |   125 |    11 ||   136

Table legend: (Time is in decaauts)
 A = Elapsed time spent in this place.
 B = Non-inter-level travel time spent in this place.
 C = Inter-level travel time spent in this place.
 D = Time resting spent in this place.
 E = Time spent auto-exploring this place.
 F = Levels seen in this place.
 G = Mean time per level.
                   A        B        C        D        E       F      G
               +--------+--------+--------+--------+--------+-----+--------+
         Total |   2403 |   2098 |    305 |   1019 |    305 |   4 |  600.8 |
       Dungeon |   2403 |   2098 |    305 |   1019 |    305 |   4 |  600.8 |
               +--------+--------+--------+--------+--------+-----+--------+

Top non-repeatable levels by time:
     D:1: 1530 daAuts
     D:3: 633 daAuts
     D:2: 236 daAuts
     D:4: 1 daAuts
